 Dungeon Crawl Stone Soup version 0.19.0-11-g3fc08b3 (webtiles) character file.

637 emikaela the Cutter (level 7, -5/54 HPs)
             Began as a Vampire Abyssal Knight on Nov 9, 2016.
             Was a Priest of Lugonu.
             Splashed by a jelly's acid (10 damage)
             ... on level 5 of the Dungeon.
             The game lasted 00:14:29 (5535 turns).

emikaela the Cutter (Vampire Abyssal Knight)        Turns: 5535, Time: 00:14:30

Health: -5/54      AC: -12   Str: 11    XL:     7   Next: 25%
Magic:  8/8        EV: 12    Int: 14    God:    Lugonu [***...]
Gold:   134        SH:  9    Dex: 16    Spells: 0 memorised, 6 levels left

rFire  + . .     SeeInvis +     a - +1 dagger (protect)
rCold  + + .     Gourm    .     b - +0 leather armour
rNeg   + + +     Faith    .     r - +0 buckler
rPois  ∞         Spirit   .     n - +1 hat
rElec  .         Reflect  +     E - +0 cloak (curse)
rCorr  .         Harm     .     y - +0 pair of gloves
MR     .....                    f - +0 pair of boots
Stlth  +++++.....               g - +4 amulet of reflection
                                (no ring)
                                w - ring of protection from fire

@: corroded, bloodless, non-regenerating
A: fangs 3, see invisible, unbreathing
a: Bat Form, Depart the Abyss, Bend Space, Banish, Renounce Religion


You were on level 5 of the Dungeon.
You worshipped Lugonu.
Lugonu was most pleased with you.
You were bloodless.

You visited 1 branch of the dungeon, and saw 5 of its levels.
You visited the Abyss 1 time.
You also visited: Sewer.

You collected 134 gold pieces.

Inventory:

Hand Weapons
 a - a +1 dagger of protection (weapon)
 C - a +0 hunting sling
Missiles
 e - 12 sling bullets
 j - 11 poisoned needles
 k - 185 stones (quivered)
 v - 35 arrows
 x - 5 tomahawks
 D - 4 javelins
Armour
 b - a +0 leather armour (worn)
 f - a +0 pair of boots (worn)
 n - a +1 hat (worn)
 r - a +0 buckler (worn)
 y - a +0 pair of gloves (worn)
 E - a cursed +0 cloak (worn)
Jewellery
 g - a +4 amulet of reflection (around neck)
 h - an uncursed ring of fire
 w - a ring of protection from fire (left hand)
Wands
 u - a wand of digging (13/24)
 A - a wand of slowing (38/48)
 I - a wand of disintegration (16/24)
Scrolls
 d - a scroll of random uselessness {unknown}
 l - 2 scrolls of recharging
 m - a scroll of fog
 o - 2 scrolls of remove curse {unknown}
 p - 2 scrolls of amnesia
 q - 6 scrolls of teleportation
 t - 2 scrolls of magic mapping
 F - a scroll of blinking {unknown}
Potions
 c - 19 potions of blood
 i - a potion of curing
 s - 3 potions of heal wounds
 z - a potion of haste {unknown}
 B - 3 potions of degeneration {unknown}
 G - a potion of flight {unknown}
 H - 2 potions of magic {unknown}


   Skills:
 + Level 4.2 Fighting
 + Level 5.0 Short Blades
 - Level 0.7 Armour
 - Level 2.1 Dodging
 + Level 5.0 Stealth
 + Level 3.8 Shields
 + Level 1.5 Invocations


You had 6 spell levels left.
You didn't know any spells.

Dungeon Overview and Level Annotations

Branches:
Dungeon (5/15)
 Temple: D:4-7

Altars:
Gozag
Ru
Trog
The Shining One

Annotations:
D:4 Dowan, Duvessa, Pikel


Innate Abilities, Weirdness & Mutations

You do not heal naturally.
You are immune to poison.
You have razor-sharp teeth.
You have supernaturally acute eyesight. (SInv)
You can survive without breathing.


Message History

The jelly is severely wounded.
You block the jelly's attack.
Throwing (i - inventory. (,) - cycle):
k - 187 stones (quivered)
Press: ? - help, Shift-Dir - straight line, f/p - jelly
Aim: a jelly (severely wounded)
You throw a stone.
The stone hits the jelly but does no damage.
The jelly is severely wounded.
The jelly hits you.
You are splashed with acid!
The acid burns!
* * * LOW HITPOINT WARNING * * *
Throwing (i - inventory. (,) - cycle):
k - 186 stones (quivered)
Press: ? - help, Shift-Dir - straight line, f/p - jelly
Aim: a jelly (severely wounded)
You throw a stone.
The stone hits the jelly but does no damage.
The jelly is severely wounded.
The jelly hits you.
* * * LOW HITPOINT WARNING * * *
The acid corrodes you!
You are splashed with acid!
The acid burns!
You die...

# .# ###.
... .. .#
##.######.##
#.....@J...#
#..######..#
..# ....
..#.. .....#
#.....$ ###
##


You could see a jelly.

Vanquished Creatures
  3 big kobolds (Sewer)
  An orc priest (D:3)
  Crazy Yiuf (D:3)
  An orc wizard (D:4)
  Natasha (thrice) (D:3)
  10 adders
  5 river rats
  4 oozes
  3 worms
  4 dart slugs
  7 orcs
  4 ball pythons
  2 giant cockroaches
  7 goblins
  12 hobgoblins
  3 jackals (D:3)
  5 quokkas
  6 bats
  2 frilled lizards (D:1)
  10 kobolds
  10 rats
103 creatures vanquished.

Notes
Turn   | Place    | Note
-------+----------+-------------------------------------------
     0 | Abyss:1  | emikaela the Vampire Abyssal Knight began the quest for the Orb.
     0 | Abyss:1  | Reached XP level 1. HP: 17/17 MP: 2/2
   198 | Abyss:1  | Noticed an orange demon
   198 | Abyss:1  | Noticed a tentacled starspawn
   199 | D:1      | Escaped the Abyss
   345 | D:1      | Reached skill level 1 in Stealth
   349 | D:1      | Reached * piety under Lugonu
   351 | D:1      | Reached XP level 2. HP: 23/23 MP: 3/3
  1090 | D:2      | Reached XP level 3. HP: 23/29 MP: 4/4
  2448 | D:2      | Reached skill level 1 in Shields
  2499 | D:2      | Reached XP level 4. HP: 35/35 MP: 5/5
  2570 | D:2      | Found a sacrificial altar of Ru.
  2790 | D:2      | Found a glowing golden altar of the Shining One.
  2877 | D:3      | Noticed Natasha
  2884 | D:3      | Killed Natasha
  2944 | D:3      | Found a runed door.
  3014 | D:3      | Reached XP level 5. HP: 41/41 MP: 6/6
  3035 | D:3      | Noticed Natasha
  3040 | D:3      | Reached ** piety under Lugonu
  3054 | D:3      | Killed Natasha
  3224 | D:3      | Found an opulent altar of Gozag.
  3581 | D:3      | Noticed Natasha
  3595 | D:3      | Killed Natasha
  3815 | D:3      | Found a bloodstained altar of Trog.
  3960 | D:3      | Noticed Crazy Yiuf
  3964 | D:3      | Killed Crazy Yiuf
  3964 | D:3      | Reached XP level 6. HP: 47/47 MP: 7/7
  4073 | D:4      | Found a glowing drain.
  4185 | Sewer    | Entered a sewer
  4795 | Sewer    | Reached XP level 7. HP: 30/54 MP: 8/8
  5170 | D:4      | Reached skill level 5 in Short Blades
  5242 | D:4      | Reached *** piety under Lugonu
  5242 | D:4      | Reached skill level 5 in Stealth
  5342 | D:4      | Noticed Duvessa
  5342 | D:4      | Noticed Dowan
  5415 | D:4      | Noticed Pikel
  5521 | D:5      | Entered Level 5 of the Dungeon
  5535 | D:5      | Splashed by a jelly's acid

Skill      XL: |  1  2  3  4  5  6  7 |
---------------+----------------------+-----
Stealth        | 1 2 3 4 5 |  5.0
Short Blades   | 3 4 5 |  5.0
Fighting       | 3 4 |  4.2
Shields        | 1 2 3 |  3.8
Armour         | |  0.7
Dodging        | |  2.1
Invocations    | |  1.5

Action                   |  1- 3 |  4- 6 |  7- 9 || total
-------------------------+-------+-------+-------++-------
Melee: Short sword       |    96 |       |       ||    96
       Bite              |     9 |    47 |     7 ||    63
       Dagger            |    60 |   425 |    83 ||   568
Throw: Stone             |     2 |     2 |     3 ||     7
Invok: Depart the Abyss  |     1 |       |       ||     1
  Use: Scroll            |     5 |     2 |     1 ||     8
       Potion            |     1 |     3 |     1 ||     5
 Stab: Sleeping          |     4 |    18 |     1 ||    23
Armor: Leather armour    |    27 |    82 |    14 ||   123
Dodge: Dodged            |    71 |   107 |    15 ||   193
Block: Other             |    10 |       |       ||    10
       Buckler           |    15 |   104 |    24 ||   143
       Reflection        |       |     1 |     1 ||     2
